 Dungeon Crawl Stone Soup version 0.18-a0-1800-gdc7a371 (webtiles) character file.

16209 Zhenya25pyc the Basher (level 12, 0/85 HPs)
             Began as a Gargoyle Fighter on Apr 24, 2016.
             Was a High Priest of Okawaru.
             Slain by a wolf (4 damage)
             ... in an ice cave.
             The game lasted 00:34:28 (12356 turns).

Zhenya25pyc the Basher (Gargoyle Fighter)          Turns: 12356, Time: 00:34:28

Health: 0/85       AC: 26    Str: 25    XL:     12   Next: 35%
Magic:  10/12      EV: 10    Int:  9    God:    Okawaru [*****.]
Gold:   638        SH: 14    Dex: 11    Spells: 0 memorised, 11 levels left

rFire  . . .     SeeInvis .     M - +3 morningstar
rCold  + + .     Gourm    .     J - +1 plate armour {rC+}
rNeg   + . .     Faith    .     c - +0 shield
rPois  ∞         Spirit   .     (helmet restricted)
rElec  +         Dismiss  .     g - +1 cloak {rPois}
rCorr  .         Reflect  .     i - +0 pair of gloves
SustAt .         Harm     .     (no boots)
MR     .....                    (no amulet)
Stlth  ..........               u - +2 ring of strength
                                A - +3 ring of slaying

@: heroism, not resistant to hostile enchantments, extremely unstealthy
A: beak, horns 1, blink, cold resistance 1, deformed body, deterioration 1,
negative energy resistance 1, robust 1, electricity resistance, unbreathing,
petrification resistance, rot immunity, subdued magic 1, MP-powered wands, AC +8
a: Blink, Heroism, Finesse, Renounce Religion


You were in an ice cave.
You worshipped Okawaru.
Okawaru was extremely pleased with you.
You were not hungry.

You visited 2 branches of the dungeon, and saw 13 of its levels.
You also visited: Bailey and Ice Cave.

You collected 852 gold pieces.
You spent 214 gold pieces at shops.

Inventory:

Hand Weapons
 M - a +3 morningstar (weapon)
Armour
 c - a +0 shield (worn)
 g - a +1 cloak of poison resistance (worn)
 i - a +0 pair of gloves (worn)
 J - a +1 plate armour of cold resistance (worn)
Jewellery
 e - an uncursed ring of ice
 l - an uncursed ring of see invisible
 u - a +2 ring of strength (right hand)
 A - a +3 ring of slaying (left hand)
Wands
 x - a wand of digging (8/24)
 B - a wand of digging (17/24)
 E - a wand of disintegration (14/24)
Scrolls
 a - 5 scrolls of teleportation
 j - 3 scrolls of magic mapping
 k - 2 scrolls of recharging
 o - 5 scrolls of remove curse
 p - a scroll of immolation {unknown}
 w - 4 scrolls of amnesia {unknown}
 D - 2 scrolls of enchant armour {unknown}
 K - a scroll of identify
 O - a scroll of noise {unknown}
Potions
 b - 3 potions of haste
 d - 3 potions of flight
 h - a potion of resistance {unknown}
 m - 2 potions of heal wounds {unknown}
 r - a potion of beneficial mutation {unknown}
 s - 2 potions of curing
 z - a potion of lignification {unknown}
 C - a potion of brilliance {unknown}
 G - a potion of cure mutation {unknown}
 H - 4 potions of might
Comestibles
 f - 8 bread rations
 n - 2 beef jerkies
 q - 7 meat rations
 t - 6 fruits
 I - 7 slices of pizza


   Skills:
 + Level 10.5(15.5) Fighting
   Level 3.4(8.4) Long Blades
 * Level 11.1(16.1) Maces & Flails
 + Level 10.8(15.8) Armour
 + Level 10.6(15.6) Shields


You had 11 spell levels left.
You didn't know any spells.

Dungeon Overview and Level Annotations

Branches:
Dungeon (12/15)            Temple (1/1) D:4            Lair (0/8) D:9
    Orc (0/2) D:9

Altars:
Ashenzari
Cheibriados
Dithmenos
Elyvilon
Fedhas
Gozag
Kikubaaqudgha
Makhleb
Nemelex Xobeh
Okawaru
Pakellas
Qazlal
Ru
Sif Muna
Trog
Vehumet
Xom
Yredelemnul
Zin
The Shining One

Shops:
D:4 =   D:5 *   D:6 }   D:10 (

Annotations:
IceCv exclusion: ice statue


Innate Abilities, Weirdness & Mutations

You are resistant to torment.
Your stone body is resilient (AC +8).
You are immune to poison.
You resist negative energy.
You are resistant to electric shocks.
You can survive without breathing.
You are immune to petrification.
You are immune to rotting.
You have a beak for a mouth.
You have a pair of small horns on your head.
You can translocate small distances at will.
Your flesh is cold resistant.
Armour fits poorly on your strangely shaped body.
Your body sometimes deteriorates upon taking damage.
You are robust (+10% HP).
Your spells are a little easier to cast, but a little less powerful.
You expend magic power (3 MP) to strengthen your wands.


Message History

The wolf bites you but does no damage.
You closely miss the wolf. You headbutt the wolf.
The wolf is lightly wounded.
The wolf closely misses you.
The wolf bites you but does no damage. x2
The wolf bites you.
* * * LOW HITPOINT WARNING * * *
You block the wolf's attack.
You are too injured to fight recklessly!
You are too injured to fight recklessly!
You are too injured to fight recklessly!
You are too injured to fight recklessly!
You are too injured to fight recklessly!
You are too injured to fight recklessly!
You are too injured to fight recklessly!
You are too injured to fight recklessly!
You are too injured to fight recklessly!
Unknown command.
You gain the combat prowess of a mighty hero.
You feel slightly more hungry. The wolf bites you.
You die...

##≈≈≈≈≈≈≈≈≈≈
#≈≈≈############
###.##.........##
##†...........###
##.......###..Y..#
#...#......##d....#
#..h#.....).#h......
#.Yh##)).).##.......
##hh@###..## .......
###h..#### ......#
##...... ....###
###.... ....# ###


You could see a yak and 5 wolves.

Vanquished Creatures
  A white draconian (IceCv)
  3 hill giants
  A cyclops (D:11)
  A komodo dragon (D:9)
  6 polar bears (IceCv)
  3 trolls
  2 two-headed ogres
  Prince Ribbit (D:6)
  2 centaur simulacra (D:10)
  A vampire (D:9)
  A human (D:7)
  A hog (D:7)
  11 yaks
  3 hippogriffs
  A steam dragon (D:8)
  2 hungry ghosts
  Edmund (D:5)
  A water moccasin (D:7)
  5 ice beasts
  3 orc warriors
  2 sky beasts (D:8)
  A black bear (D:8)
  2 phantoms
  7 wolves (IceCv)
  3 ogres
  7 centaurs
  A crocodile (D:11)
  The ghost of Zhenya25pyc the Covered, an amateur GrFi of Okawaru (D:3)
  2 big kobolds
  4 giant frogs
  9 gnoll sergeants
  2 wyvern zombies
  6 scorpions
  11 killer bees
  12 wights
  A quasit (D:5)
  A crimson imp (D:8)
  7 hounds
  5 jellies
  6 gnoll shamans (Bailey)
  7 orc priests
  3 centaur skeletons
  4 iguanas
  4 orc wizards
  9 worker ants
  3 sheep (D:7)
  A hound zombie (D:11)
  A hound skeleton (D:9)
  A howler monkey zombie (D:7)
  A worker ant zombie (D:7)
  Robin (D:2)
  17 gnolls
  A howler monkey skeleton (D:5)
  15 adders
  A shadow imp (D:8)
  2 ufetubi (D:10)
  2 adder zombies
  An ooze (D:6)
  4 adder skeletons
  4 worms
  14 dart slugs
  9 giant geckos
  38 orcs
  3 ball pythons
  10 bats
  5 giant cockroaches
  12 goblins
  10 hobgoblins
  12 jackals
  5 quokkas
  A giant gecko zombie (D:6)
  6 giant newts
  A jackal skeleton (D:8)
  20 kobolds
  11 rats
379 creatures vanquished.

Vanquished Creatures (others)
  A plant (D:9)
1 creature vanquished.

Grand Total: 380 creatures vanquished

Notes
Turn   | Place    | Note
--------------------------------------------------------------
     0 | D:1      | Zhenya25pyc the Gargoyle Fighter began the quest for the Orb.
     0 | D:1      | Reached XP level 1. HP: 14/14 MP: 1/1
   104 | D:1      | Reached XP level 2. HP: 12/19 MP: 2/2
   436 | D:1      | Reached XP level 3. HP: 14/23 MP: 3/3
   652 | D:1      | Reached skill level 3 in Maces & Flails
  1367 | D:2      | Reached XP level 4. HP: 29/29 MP: 4/4
  1646 | D:2      | Noticed Robin
  1681 | D:2      | Killed Robin
  1949 | D:2      | Reached XP level 5. HP: 24/33 MP: 5/5
  1954 | D:3      | Noticed Zhenya25pyc's ghost (amateur GrFi)
  2145 | D:3      | Killed Zhenya25pyc's ghost
  2149 | D:3      | Reached skill level 4 in Maces & Flails
  2330 | D:3      | Reached XP level 6. HP: 27/39 MP: 6/6
  3137 | D:4      | Found Finun's Jewellery Emporium.
  3145 | D:4      | Bought a +2 ring of strength for 82 gold pieces
  3421 | D:4      | Reached skill level 5 in Maces & Flails
  3487 | D:4      | Found a staircase to the Ecumenical Temple.
  3606 | Temple   | Entered the Ecumenical Temple
  3666 | D:4      | Noticed a phantom
  3796 | D:4      | Killed a phantom
  3796 | D:4      | Reached XP level 7. HP: 44/44 MP: 7/7
  3834 | D:5      | Entered Level 5 of the Dungeon
  3877 | D:5      | Reached skill level 5 in Armour
  3960 | D:5      | Reached skill level 5 in Fighting
  3993 | D:5      | Got a warped falchion
  3994 | D:5      | Identified the +8 falchion of Impatience {freeze, Str+6} (You found it on level 5 of the Dungeon)
  4038 | D:5      | Reached skill level 5 in Shields
  4065 | D:5      | Noticed a two-headed ogre
  4070 | D:5      | Killed a two-headed ogre
  4070 | D:5      | Reached skill level 1 in Long Blades
  4070 | D:5      | Reached XP level 8. HP: 41/50 MP: 8/8
  4184 | D:5      | Noticed Edmund
  4193 | D:5      | Killed Edmund
  4418 | D:5      | Found Paiga's Assorted Antiques.
  4677 | D:6      | Found an oddly glowing altar of Pakellas.
  4677 | D:6      | Found Pakellas's Prime Provisions.
  4732 | D:6      | Noticed Prince Ribbit
  4740 | D:6      | Killed Prince Ribbit
  4740 | D:6      | Reached XP level 9. HP: 19/56 MP: 9/9
  5403 | D:5      | Bought a runed morningstar for 132 gold pieces
  6246 | D:7      | Reached skill level 6 in Maces & Flails
  6525 | D:7      | Noticed a hill giant
  6534 | D:7      | Killed a hill giant
  6867 | D:8      | Reached XP level 10. HP: 42/64 MP: 10/10
  6974 | D:8      | Gained mutation: Armour fits poorly on your strangely shaped body. [mutagenic meat]
  6975 | D:8      | Gained mutation: You have a beak for a mouth. [mutagenic meat]
  6976 | D:8      | Gained mutation: You expend magic power (3 MP) to strengthen your wands. [mutagenic meat]
  6977 | D:8      | Gained mutation: You have a pair of small horns on your head. [mutagenic meat]
  6978 | D:8      | Gained mutation: Your body sometimes deteriorates upon taking damage. [mutagenic meat]
  7080 | D:8      | Reached skill level 7 in Maces & Flails
  7406 | D:8      | Found a bloodstained altar of Trog.
  7407 | D:8      | Found an opulent altar of Gozag.
  7409 | D:8      | Found a shattered altar of Ashenzari.
  7409 | D:8      | Found a burning altar of Makhleb.
  7409 | D:8      | Found a radiant altar of Vehumet.
  7413 | D:8      | Found a glowing golden altar of the Shining One.
  7414 | D:8      | Found an iron altar of Okawaru.
  7417 | D:8      | Became a worshipper of Warmaster Okawaru
  7742 | D:9      | Reached * piety under Okawaru
  7764 | D:9      | Reached skill level 8 in Maces & Flails
  8109 | D:9      | Found a white marble altar of Elyvilon.
  8516 | D:9      | Found a staircase to the Orcish Mines.
  8556 | D:9      | Noticed a hill giant
  8562 | D:9      | Reached ** piety under Okawaru
  8569 | D:9      | Killed a hill giant
  8627 | D:9      | Reached XP level 11. HP: 58/71 MP: 11/11
  8699 | D:9      | Reached skill level 9 in Maces & Flails
  8725 | D:9      | Gained mutation: Your spells are a little easier to cast, but a little less powerful. [potion of mutation]
  8725 | D:9      | Gained mutation: Your flesh is cold resistant. [potion of mutation]
  8725 | D:9      | Gained mutation: You are robust (+10% HP). [potion of mutation]
  8726 | D:9      | Gained mutation: You can translocate small distances at will. [potion of mutation]
  8755 | D:9      | Found a staircase to the Lair.
  8918 | D:10     | Entered Level 10 of the Dungeon
  8920 | D:10     | Found a burning altar of Makhleb.
  8989 | D:10     | Reached *** piety under Okawaru
  9368 | D:10     | Paralysed by fainting for 8 turns
  9599 | D:10     | Found Boithoi's Antique Weapon Boutique.
  9843 | D:11     | Reached **** piety under Okawaru
  9856 | D:11     | Reached skill level 10 in Armour
  9859 | D:11     | Reached skill level 10 in Maces & Flails
  9985 | D:11     | Noticed a cyclops
 10002 | D:11     | Killed a cyclops
 10067 | D:11     | Reached skill level 10 in Shields
 10289 | D:11     | Found a flagged portal.
 10298 | Bailey   | Entered a bailey
 10345 | Bailey   | Reached skill level 10 in Fighting
 10463 | Bailey   | Reached ***** piety under Okawaru
 11436 | D:11     | Noticed a hill giant
 11446 | D:11     | Killed a hill giant
 11446 | D:11     | Reached XP level 12. HP: 82/84 MP: 12/12
 11776 | D:12     | Found a frozen archway.
 11798 | IceCv    | Entered an ice cave
 11838 | IceCv    | Received a gift from Okawaru
 12121 | IceCv    | Reached skill level 11 in Maces & Flails
 12315 | IceCv    | Noticed a white draconian
 12353 | IceCv    | Killed a white draconian
 12355 | IceCv    | HP: 4/85 [wolf (1)]
 12356 | IceCv    | Slain by a wolf

Vault maps used:
D:1:      ncdulo_smallfort, serial_bayou_pond_c, minivault_23
D:2:      uniq_robin
D:3:      kennysheep_slugbush, minmay_bisected
D:4:      minmay_temple_entry_statues, serial_shops,
          nicolae_shop_competitors_out_of_business
D:5:      serial_shops, kennysheep_mini_moat, first_bread,
          kennysheep_generic_room_12, uniq_edmund
D:6:      johnstein_pakellas_shop, uniq_prince_ribbit1
D:7:      grunt_livestock
D:8:      minitemple
D:9:      david_lair_shrubbed, hiddenorc1_lemuel, basic_altar
D:10:     serial_ice, serial_ice_e, serial_ice_c, serial_ice_f, serial_ice_o,
          serial_shops, kennysheep_little_box, minivault_25, bloody_makhleb
D:11:     enter_bailey_2
D:12:     serial_shops, nicolae_shop_behind_doors,
          portal_ice_cave_entry_pillars_01, kennysheep_boxes
Temple:   circular_temple_13
Bailey:   bailey_polearm_gnolls_kennysheep, bailey
IceCv:    ice_cave_small_giant

Skill      XL: |  1  2  3  4  5  6  7  8  9 10 11 12 |
---------------+-------------------------------------+-----
Maces & Flails | 3 4 5 6 8 10 11 | 11.1
Fighting       | 4 5 6 8 9 10 | 10.5
Armour         | 4 5 6 8 9 10 | 10.8
Shields        | 4 5 6 7 9 10 | 10.6
Long Blades    | 1 3 |  3.4

Action                   |  1- 3 |  4- 6 |  7- 9 | 10-12 || total
-------------------------+-------+-------+-------+-------++-------
Melee: Flail             |   204 |   397 |    14 |       ||   615
       Falchion          |       |       |   105 |       ||   105
       Morningstar       |       |       |   148 |   610 ||   758
       Headbutt          |       |       |       |   130 ||   130
       Peck              |       |       |       |   123 ||   123
Invok: Heroism           |       |       |       |     2 ||     2
 Abil: Blink             |       |       |       |     5 ||     5
  Use: Potion            |       |     1 |       |     3 ||     4
       Scroll            |       |       |       |    15 ||    15
  Eat: Chunk             |     2 |     8 |    11 |    25 ||    46
       Royal jelly       |       |       |       |     1 ||     1
       Beef jerky        |       |       |       |     1 ||     1
Armor: Scale mail        |   137 |    17 |       |       ||   154
       Chain mail        |       |   237 |   194 |       ||   431
       Plate armour      |       |       |    15 |   638 ||   653
Dodge: Dodged            |    84 |   104 |    63 |   211 ||   462
Block: Shield            |   116 |   214 |   180 |   661 ||  1171
